 Dungeon Crawl Stone Soup version 0.31-a0-232-gb1c03b2570 (webtiles) character file.

Game seed: 13775664079762840141

329 qw the Shooter (level 6, -4/52 HPs)
             Began as a Minotaur Hexslinger on July 7, 2023.
             Slain by a gnoll
             ... wielding a +0 whip
              (8 damage)
             ... on level 4 of the Dungeon.
             The game lasted 00:01:14 (2774 turns).

qw the Shooter (Minotaur Hexslinger)                Turns: 2774, Time: 00:01:14

Health: -4/52      AC:  6    Str: 13    XL:     6   Next: 25%
Magic:  6/6        EV: 11    Int: 10    God:
Gold:   138        SH:  0    Dex: 20    Spells: 6/7 levels left

rFire   . . .        Y - +1 sling
rCold   . . .        (no shield)
rNeg    . . .        m - +0 ring mail
rPois   .            (helmet restricted)
rElec   .            (no cloak)
rCorr   .            h - +0 pair of gloves
SInv    .            (no boots)
Will    .....        (no amulet)
Stlth   +            i - +6 ring of dexterity
HPRegen 0.28/turn    (no ring)
MPRegen 0.10/turn

%: no passive effects
@: no status effects
A: horns 2, retaliatory headbutt
a: no special abilities


You were on level 4 of the Dungeon.
You visited 1 branch of the dungeon, and saw 4 of its levels.

You collected 138 gold pieces.


Innate Abilities, Weirdness & Mutations

You have a pair of horns on your head.
You reflexively headbutt those who attack you in melee.


   Skills:
 + Level 3.8 Fighting
 - Level 6.2 Ranged Weapons
 - Level 1.2 Armour
 - Level 2.3 Dodging
 - Level 1.0 Spellcasting
 - Level 2.0 Hexes


You had 6 spell levels left.
You knew the following spells:

 Your Spells              Type           Power      Damage    Failure   Level
a - Slow                  Hex            16%        N/A       32%         1

Your spell library contained the following spells:

 Spells                   Type           Power      Damage    Failure   Level
 Inner Flame              Hex/Fire       2%         N/A       82%         3
 Portal Projectile        Hex/Tloc       4%         N/A       82%         3
 Cause Fear               Hex            2%         N/A       97%         4

Inventory:

Hand Weapons
 Y - a +1 sling (weapon)
Armour
 h - a +0 pair of gloves (worn)
 m - a +0 ring mail (worn)
Jewellery
 i - a +6 ring of dexterity (left hand)
Scrolls
 j - a scroll of identify
Potions
 a - a potion of attraction {unknown}
 b - a potion of resistance {unknown}
 d - a potion of magic {unknown}
 e - a potion of lignification {unknown}
 f - a potion of heal wounds
 g - a potion of enlightenment {unknown}

Dungeon Overview and Level Annotations

Branches:
Dungeon (4/15)
 Temple: D:4-7

Altars:

Annotations:
D:4 Blork the orc


Message History

Blork the orc shouts!
The sling bullet hits the gnoll.
The gnoll is severely wounded.
You hear the slow rusting of a very distant drain.
You hear the slow hiss of an avalanche of sand very nearby.
The gnoll hits you with a +0 whip. The gnoll closely misses you.
The gnoll hits you with a +0 club. The gnoll hits you but does no damage.
You shoot a sling bullet. The sling bullet hits the gnoll.
You kill the gnoll!
The gnoll hits you with a +0 whip.
Blork the orc mumbles some strange words.
Blork the orc seems to speed up.
You shoot a sling bullet.
The sling bullet hits the endoplasm but does no damage.
The endoplasm is heavily wounded.
The endoplasm closely misses you. The gnoll barely misses you.
You shoot a sling bullet. The sling bullet hits the endoplasm.
The endoplasm is almost dead.
The gnoll closely misses you. You furiously retaliate!
You headbutt the gnoll. The endoplasm freezes you.
You are frozen.
You shoot a sling bullet.
The sling bullet barely misses the endoplasm.
The sling bullet hits Blork the orc.
Blork the orc is lightly wounded.
The gnoll hits you but does no damage. The endoplasm freezes you.
You are frozen.
You shoot a sling bullet. The sling bullet hits the endoplasm.
You kill the endoplasm!
The gnoll barely misses you.
Blork the orc gestures at you while chanting.
The puff of frost hits you. The gnoll hits you with a +0 whip.
You shoot a sling bullet.
The sling bullet closely misses the gnoll.
Blork the orc gestures at you while chanting.
The magic dart hits you.
Blork the orc hits you with a +0 scimitar!
The gnoll hits you with a +0 whip!
You die...

... .. ##.. #..# #..#
#..# ### ##og#
####.#### #.@#
#.......### #..#
..........## ##..#
...........# #...##
...........###....##
.............).....#
...................##
.........####.......#
.........# #........#


You could see Blork the orc (fast) and a gnoll.

Vanquished Creatures
  2 hounds
  An iguana (D:4)
  An orc wizard (D:3)
  9 gnolls
  5 adders
  3 worms (D:2)
  A dart slug (D:1)
  5 orcs
  3 bats (D:3)
  8 endoplasms
  A giant cockroach (D:4)
  6 goblins
  6 hobgoblins
  5 jackals
  6 kobolds
  3 quokkas
  5 ball pythons
  4 frilled lizards
  6 rats
80 creatures vanquished.

Notes
Turn   | Place    | Note
-------+----------+-------------------------------------------
     0 | D:1      | qw the Minotaur Hexslinger began the quest for the Orb.
     0 | D:1      | Reached XP level 1. HP: 16/16 MP: 1/1
     0 | D:1      | 0 ||| qw: Version: 0.3-a-46-gb1f654a
     0 | D:1      | 0 ||| qw: Game counter: 2447
     0 | D:1      | 0 ||| qw: Melee chars always use a shield: true
     0 | D:1      | 0 ||| qw: God list: Okawaru
     0 | D:1      | 0 ||| qw: Allow faded altars: false
     0 | D:1      | 0 ||| qw: Do Orc after clearing Dungeon:15 true
     0 | D:1      | 0 ||| qw: Do second Lair branch before Depths: true
     0 | D:1      | 0 ||| qw: Lair rune preference: random
     0 | D:1      | 0 ||| qw: Goals: Normal
     0 | D:1      | 0 ||| PLANNING D:1-11
   248 | D:1      | Reached skill level 3 in Ranged Weapons
   286 | D:1      | Reached XP level 2. HP: 23/23 MP: 2/2
   928 | D:1      | 928 ||| UPGRADING to +6 ring of dexterity.
   929 | D:1      | 929 ||| READING 3 scrolls labelled GAONEINOECH.
   930 | D:1      | 930 ||| READING scroll labelled EVVILE ORUXO.
   931 | D:1      | 931 ||| READING scroll labelled NAR RECSUNUMAGH.
   932 | D:1      | 932 ||| DROPPING 2 scrolls of vulnerability.
   933 | D:1      | 933 ||| DROPPING scroll of poison.
   960 | D:2      | 960 ||| STAIRDANCE
   963 | D:1      | Reached XP level 3. HP: 16/29 MP: 3/3
  1104 | D:2      | Reached skill level 4 in Ranged Weapons
  1164 | D:2      | 1164 ||| FLEEEEING.
  1165 | D:2      | 1165 ||| FLEEEEING.
  1166 | D:2      | 1166 ||| FLEEEEING.
  1167 | D:2      | 1167 ||| FLEEEEING.
  1168 | D:2      | 1168 ||| FLEEEEING.
  1169 | D:2      | 1169 ||| FLEEEEING.
  1170 | D:2      | 1170 ||| FLEEEEING.
  1177 | D:2      | 1177 ||| FLEEEEING.
  1178 | D:2      | 1178 ||| FLEEEEING.
  1179 | D:2      | 1179 ||| FLEEEEING.
  1180 | D:2      | 1180 ||| FLEEEEING.
  1181 | D:2      | 1181 ||| FLEEEEING.
  1182 | D:2      | 1182 ||| FLEEEEING.
  1183 | D:2      | 1183 ||| FLEEEEING.
  1277 | D:2      | 1277 ||| STAIRDANCE
  1300 | D:1      | 1300 ||| READING scroll labelled OPUXZO PUEMIW.
  1406 | D:2      | Reached XP level 4. HP: 25/36 MP: 4/4
  1418 | D:2      | HP: 6/36 [gnoll/+0 club (5)]
  1547 | D:2      | Reached skill level 5 in Ranged Weapons
  1784 | D:2      | 1784 ||| FLEEEEING.
  2057 | D:2      | 2057 ||| UPGRADING to +0 pair of gloves.
  2062 | D:2      | 2062 ||| READING scroll labelled FUTZOI TARIAL.
  2063 | D:2      | 2063 ||| DRINKING 2 emerald potions.
  2121 | D:3      | Reached skill level 3 in Fighting
  2183 | D:3      | Reached XP level 5. HP: 38/45 MP: 5/5
  2345 | D:3      | 2345 ||| FLEEEEING.
  2346 | D:3      | 2346 ||| FLEEEEING.
  2347 | D:3      | 2347 ||| FLEEEEING.
  2348 | D:3      | 2348 ||| FLEEEEING.
  2349 | D:3      | 2349 ||| FLEEEEING.
  2350 | D:3      | 2350 ||| FLEEEEING.
  2351 | D:3      | 2351 ||| FLEEEEING.
  2352 | D:3      | 2352 ||| FLEEEEING.
  2353 | D:3      | 2353 ||| FLEEEEING.
  2354 | D:3      | 2354 ||| FLEEEEING.
  2355 | D:3      | 2355 ||| FLEEEEING.
  2356 | D:3      | 2356 ||| FLEEEEING.
  2357 | D:3      | 2357 ||| FLEEEEING.
  2431 | D:3      | Reached skill level 6 in Ranged Weapons
  2598 | D:3      | 2598 ||| UPGRADING to +0 leather armour.
  2608 | D:3      | 2608 ||| DROPPING +0 robe.
  2609 | D:3      | 2609 ||| DROPPING scarf of invisibility.
  2610 | D:3      | 2610 ||| UPGRADING to +0 ring mail.
  2620 | D:3      | 2620 ||| DROPPING +0 leather armour.
  2621 | D:3      | 2621 ||| READING 2 scrolls labelled PUTZON YNAE.
  2622 | D:3      | 2622 ||| READING scroll labelled YTHRUSK QOWAO.
  2626 | D:4      | 2626 ||| PLANNING OSSUARY
  2632 | D:4      | Reached skill level 1 in Armour
  2632 | D:4      | Reached XP level 6. HP: 51/51 MP: 6/6
  2767 | D:4      | Noticed Blork the orc
  2774 | D:4      | HP: 11/52 [Blork the orc/magic dart (3)]
  2774 | D:4      | HP: 4/52 [Blork the orc/+0 scimitar (7)]
  2774 | D:4      | Slain by a gnoll

Levels and vault maps discovered:
D:1:      saegor_arrival_simple_e, layout_basic
D:2:      layout_loops_ring
D:3:      layout_rooms
D:4:      layout_cave_pods, minmay_temple_entry_junction,
          gup_sewer_entry_bubbles, enter_ossuary_3, columned_hall_lemuel,
          serial_bayou_pond_a, uniq_blork_the_orc

Skill      XL: |  1  2  3  4  5 |
---------------+----------------+-----
Ranged Weapons | 3 4 5 6 |  6.2
Fighting       | 2 3 |  3.8
Armour         | 1 |  1.2
Dodging        | |  2.3
Spellcasting   | |  1.0
Hexes          | |  2.0

Action                     |  1- 3 |  4- 6 || total
---------------------------+-------+-------++-------
   Fire: Sling             |   121 |   168 ||   289
    Use: Scroll            |     4 |     3 ||     7
         Potion            |       |     1 ||     1
 Armour: Robe              |     3 |     3 ||     6
         Ring mail         |       |     6 ||     6
  Dodge: Dodged            |    39 |    43 ||    82

Table legend:
 A = Non-vault XP
 B = Vault XP
 C = Vault XP percentage of total XP
 D = Non-vault monster count
 E = Vault monster count
 F = Vault count percentage of total count
                 A         B        C        D         E       F
            +---------+---------+-------+---------+---------+-------
      Total |     471 |       0 |   0.0 |      80 |       0 |   0.0
            +---------+---------+-------+---------+---------+-------
        D:1 |      47 |       0 |   0.0 |      19 |       0 |   0.0
        D:2 |     127 |       0 |   0.0 |      28 |       0 |   0.0
        D:3 |     179 |       0 |   0.0 |      24 |       0 |   0.0
        D:4 |     118 |       0 |   0.0 |       9 |       0 |   0.0
            +---------+---------+-------+---------+---------+-------
